 Dungeon Crawl Stone Soup version 0.22-a0-417-g1387785 (webtiles) character file.

1617 galech the Fighter (level 8, -7/71 HPs)
             Began as a Gnoll Wanderer on May 14, 2018.
             Was a Follower of Okawaru.
             Mangled by a troll (11 damage)
             ... on level 6 of the Dungeon.
             The game lasted 00:10:34 (7607 turns).

galech the Fighter (Gnoll Wanderer)                 Turns: 7607, Time: 00:10:34

Health: -7/71      AC:  8    Str: 16    XL:     8   Next: 96%
Magic:  12/13      EV: 16    Int: 18    God:    Okawaru [*.....]
Gold:   219        SH:  0    Dex: 17    Spells: 12/14 levels left

rFire    . . .     SeeInvis .   u - +1 short sword (speed)
rCold    . . .     Gourm    +   (no shield)
rNeg     . . .     Faith    .   d - +0 ring mail
rPois    .         Spirit   .   k - +0 helmet
rElec    .         Reflect  .   (no cloak)
rCorr    .         Harm     .   (no gloves)
MR       .....                  (no boots)
Stlth    +++.......             q - amulet of the gourmand
HPRegen  0.21/turn              w - +5 ring of intelligence
MPRegen  0.13/turn              n - ring of loudness (curse)

@: heroism
A: distributed training, fangs 1, strong nose
a: Heroism, Renounce Religion


You were on level 6 of the Dungeon.
You worshipped Okawaru.
Okawaru was aware of your devotion.
You were not hungry.

You visited 2 branches of the dungeon, and saw 9 of its levels.

You collected 219 gold pieces.

Inventory:

Hand Weapons
 a - a +2 falchion
 g - a +0 hunting sling
 t - a +1 dagger of venom
 u - a +1 short sword of speed (weapon)
Missiles
 l - 28 sling bullets
Armour
 d - a +0 ring mail (worn)
 k - a +0 helmet (worn)
Jewellery
 i - an uncursed ring of protection from cold
 n - a cursed ring of loudness (right hand)
 q - an amulet of the gourmand (around neck)
 w - a +5 ring of intelligence (left hand)
 x - an uncursed ring of wizardry {unknown}
Scrolls
 e - 7 scrolls of remove curse
 h - 9 scrolls of identify {unknown}
 m - a scroll of blinking {unknown}
 o - 3 scrolls of teleportation
 p - 2 scrolls of noise {unknown}
 s - a scroll of fog {unknown}
 v - a scroll of enchant weapon {unknown}
 y - a scroll of amnesia {unknown}
Potions
 b - 3 potions of heal wounds {unknown}
 c - a potion of lignification
 j - a potion of cancellation
 r - 2 potions of curing
Comestibles
 f - 12 rations


   Skills:
 + Level 9.3(14.3) Fighting
 + Level 3.6(8.6) Short Blades
 + Level 4.5(9.5) Long Blades
 + Level 4.5(9.5) Axes
 + Level 3.6(8.6) Maces & Flails
 + Level 3.6(8.6) Polearms
 + Level 3.6(8.6) Staves
 + Level 3.6(8.6) Slings
 + Level 3.6(8.6) Bows
 + Level 3.6(8.6) Crossbows
 + Level 4.5(9.5) Throwing
 + Level 4.5(9.5) Armour
 + Level 3.6(8.6) Dodging
 + Level 4.4(9.4) Stealth
 + Level 3.6(8.6) Shields
 + Level 3.6(8.6) Unarmed Combat
 + Level 3.6 Spellcasting
 + Level 3.0 Conjurations
 + Level 3.0 Hexes
 + Level 3.0 Charms
 + Level 3.0 Summonings
 + Level 3.0 Necromancy
 + Level 3.0 Translocations
 + Level 3.0 Transmutations
 + Level 3.0 Fire Magic
 + Level 3.0 Ice Magic
 + Level 3.0 Air Magic
 + Level 3.0 Earth Magic
 + Level 3.0 Poison Magic
 + Level 4.0 Invocations
 + Level 4.5 Evocations


You had 12 spell levels left.
You knew the following spells:

 Your Spells              Type           Power        Failure   Level  Hunger
a - Blink                 Tloc           N/A          11%         2    ##.....

Your spell library contained the following spells:

 Spells                   Type           Power        Failure   Level  Hunger
 Magic Dart               Conj           ##..         8%          1    None
 Apportation              Tloc           ##....       8%          1    None
 Conjure Flame            Conj/Fire      ##......     22%         3    ###....
 Slow                     Hex            ##......     11%         2    ##.....
 Throw Frost              Conj/Ice       ##....       11%         2    ##.....
 Mephitic Cloud           Conj/Pois/Air  ##......     22%         3    ###....
 Summon Small Mammal      Summ           ##..         8%          1    None
 Animate Skeleton         Necr           N/A          8%          1    None
 Freeze                   Ice            ##..         8%          1    None
 Summon Ice Beast         Ice/Summ       ##......     58%         4    ####...
 Ozocubu's Armour         Chrm/Ice       ##......     22%         3    ###....
 Call Imp                 Summ           ##......     11%         2    ##.....
 Spider Form              Tmut/Pois      ##........   22%         3    ###....
 Blade Hands              Tmut           ##........   90%         5    ######.
 Ice Form                 Ice/Tmut       ##......     58%         4    ####...
 Throw Icicle             Conj/Ice       ##......     58%         4    ####...
 Confusing Touch          Hex            ##....       8%          1    None
 Sticks to Snakes         Tmut           ##......     11%         2    ##.....
 Beastly Appendage        Tmut           ##....       8%          1    None


Dungeon Overview and Level Annotations

Branches:
Dungeon (8/15)             Temple (1/1) D:5
   Lair: D:8-11

Altars:
Ashenzari
Cheibriados
Dithmenos
Fedhas
Hepliaklqana
Kikubaaqudgha
Makhleb
Nemelex Xobeh
Okawaru
Ru
Sif Muna
Uskayaw
Vehumet
Xom
Zin
The Shining One

Shops:
D:4 [

Annotations:
D:3 Totori's ghost, amateur DEEE


Innate Abilities, Weirdness & Mutations

Your experience applies equally to all skills.
You have very sharp teeth.
Your uncanny sense of smell can sniff out nearby items.


Message History

You hit the troll.
The troll is severely wounded.
The troll misses you. The troll claws you.
* * * LOW HITPOINT WARNING * * *
The troll barely misses you.
You hit the troll. You bite the troll.
The troll is severely wounded.
You hit the troll but do no damage. Your bite misses the troll.
The troll is severely wounded.
You closely miss the troll.
The troll is severely wounded.
The troll closely misses you. The troll claws you.
* * * LOW HITPOINT WARNING * * *
The troll barely misses you.
You hit the troll but do no damage. You bite the troll, but do no damage.
The troll is severely wounded.
You closely miss the troll. You punch the troll.
The troll is severely wounded.
The troll barely misses you. The troll claws you!
You die...

... #.# ....∆
#.########### .....
#.##........#####
......##..#.###........#
.......(........##T###.#
.........(..######.# #.#
#.###.##..((# #.# #.# #.
##.#(######.# #T# #
#.#.@T.....# #.#
#.########## #.# ##+#
#.# ##...## #.#
##.....## ####.#
##.......## ##.##.##
#.........####...#..#
+.............T...#.##
#.........####...#...#


You could see a troll.

Vanquished Creatures
  A hungry ghost (D:7)
  Duvessa (D:7)
  2 ice beasts
  A phantom (D:5)
  2 ogres (D:4)
  A centaur (D:6)
  Dowan (D:7)
  3 scorpions
  3 crimson imps
  2 hounds
  A jelly (D:7)
  An orc priest (D:7)
  3 orc wizards
  An iguana (D:5)
  Jessica (D:2)
  A bullfrog skeleton (D:7)
  3 worker ants
  A howler monkey zombie (D:7)
  Robin (D:2)
  A howler monkey skeleton (D:4)
  8 adders
  3 oozes
  2 worms
  A dart slug (D:2)
  2 leopard geckos
  12 orcs
  5 bats
  4 giant cockroaches
  13 goblins
  11 hobgoblins
  3 jackals (D:8)
  3 quokkas
  4 frilled lizards
  A jackal skeleton (D:5)
  A jackal zombie (D:6)
  9 kobolds
  A quokka skeleton (D:4)
  5 rats
119 creatures vanquished.

Vanquished Creatures (others)
  An adder (D:5)
  A ball python (D:5)
  A quokka (D:8)
3 creatures vanquished.

Grand Total: 122 creatures vanquished

Notes
Turn   | Place    | Note
-------+----------+-------------------------------------------
     0 | D:1      | galech the Gnoll Wanderer began the quest for the Orb.
     0 | D:1      | galech set off with: a +2 falchion, a scroll of teleportation, a potion of lignification, a +0 robe, a ration
     0 | D:1      | Reached XP level 1. HP: 26/26 MP: 2/2
   118 | D:1      | Reached XP level 2. HP: 33/33 MP: 3/3
   758 | D:2      | Noticed Jessica
   770 | D:2      | Killed Jessica
   770 | D:2      | Reached skill level 1 in Invocations
   770 | D:2      | Reached XP level 3. HP: 18/38 MP: 4/4
  1015 | D:2      | Reached skill level 1 in Short Blades
  1015 | D:2      | Reached skill level 1 in Maces & Flails
  1015 | D:2      | Reached skill level 1 in Polearms
  1015 | D:2      | Reached skill level 1 in Staves
  1015 | D:2      | Reached skill level 1 in Slings
  1015 | D:2      | Reached skill level 1 in Bows
  1015 | D:2      | Reached skill level 1 in Crossbows
  1015 | D:2      | Reached skill level 1 in Dodging
  1015 | D:2      | Reached skill level 1 in Shields
  1015 | D:2      | Reached skill level 1 in Unarmed Combat
  1015 | D:2      | Reached skill level 1 in Spellcasting
  1018 | D:2      | Reached XP level 4. HP: 45/45 MP: 4/6
  1220 | D:2      | Noticed Robin
  1251 | D:2      | Killed Robin
  1251 | D:2      | Reached skill level 1 in Conjurations
  1251 | D:2      | Reached skill level 1 in Hexes
  1251 | D:2      | Reached skill level 1 in Charms
  1251 | D:2      | Reached skill level 1 in Summonings
  1251 | D:2      | Reached skill level 1 in Necromancy
  1251 | D:2      | Reached skill level 1 in Translocations
  1251 | D:2      | Reached skill level 1 in Transmutations
  1251 | D:2      | Reached skill level 1 in Fire Magic
  1251 | D:2      | Reached skill level 1 in Ice Magic
  1251 | D:2      | Reached skill level 1 in Air Magic
  1251 | D:2      | Reached skill level 1 in Earth Magic
  1251 | D:2      | Reached skill level 1 in Poison Magic
  1649 | D:2      | Reached XP level 5. HP: 32/51 MP: 7/7
  2227 | D:3      | Noticed Totori's ghost (amateur DEEE)
  3017 | D:4      | Reached XP level 6. HP: 25/57 MP: 8/8
  3364 | D:4      | Found Tohyasme's Armour Emporium.
  3763 | D:4      | Reached XP level 7. HP: 36/63 MP: 10/10
  4089 | D:5      | Entered Level 5 of the Dungeon
  4401 | D:5      | Found a shattered altar of Ashenzari.
  4817 | D:5      | Reached skill level 9 in Fighting
  5235 | D:5      | Found a staircase to the Ecumenical Temple.
  5241 | D:5      | Reached XP level 8. HP: 71/71 MP: 12/12
  5247 | Temple   | Entered the Ecumenical Temple
  5328 | Temple   | Became a worshipper of Warmaster Okawaru
  5405 | D:5      | Found a hazy altar of Hepliaklqana.
  5583 | D:6      | Noticed a troll
  5586 | D:6      | You fall through a shaft for 2 floors!
  5769 | D:7      | Noticed Dowan
  5769 | D:7      | Noticed Duvessa
  5790 | D:7      | Killed Duvessa
  5806 | D:7      | Killed Dowan
  6497 | D:7      | Reached * piety under Okawaru
  6532 | D:7      | Found a sparkling altar of Nemelex Xobeh.
  6628 | D:7      | Learned a level 2 spell: Blink
  7607 | D:6      | Mangled by a troll

Vault maps used:
D:1:      saegor_arrival_simple_a, minmay_misc_feat_alley, st_stairs_12
D:2:      minmay_close_crescents, uniq_robin, uniq_jessica
D:4:      serial_shops, kennysheep_little_box
D:5:      ashenzari_conservatory_becter, old_standard_altar,
          minmay_temple_entry_overgrown, first_ration, lemuel_flamethrower_2
D:6:      grunt_qazlal_sundering, serial_shops, nicolae_shop_statue_plus
D:7:      basic_altar, amethyst_killhole, uniq_duvessa
D:8:      elyvilon_altar_4, zaba_anthole
Temple:   nicolae_temple_elliptical

Skill      XL: |  1  2  3  4  5  6  7  8 |
---------------+-------------------------+-----
Invocations    | 1 2 3 4 |  4.0
Short Blades   | 1 2 3 |  3.6
Maces & Flails | 1 2 3 |  3.6
Polearms       | 1 2 3 |  3.6
Staves         | 1 2 3 |  3.6
Slings         | 1 2 3 |  3.6
Bows           | 1 2 3 |  3.6
Crossbows      | 1 2 3 |  3.6
Dodging        | 1 2 3 |  3.6
Shields        | 1 2 3 |  3.6
Unarmed Combat | 1 2 3 |  3.6
Spellcasting   | 1 2 3 |  3.6
Conjurations   | 1 2 3 |  3.0
Hexes          | 1 2 3 |  3.0
Charms         | 1 2 3 |  3.0
Summonings     | 1 2 3 |  3.0
Necromancy     | 1 2 3 |  3.0
Translocations | 1 2 3 |  3.0
Transmutations | 1 2 3 |  3.0
Fire Magic     | 1 2 3 |  3.0
Ice Magic      | 1 2 3 |  3.0
Air Magic      | 1 2 3 |  3.0
Earth Magic    | 1 2 3 |  3.0
Poison Magic   | 1 2 3 |  3.0
Long Blades    | 3 4 |  4.5
Axes           | 3 4 |  4.5
Throwing       | 3 4 |  4.5
Armour         | 3 4 |  4.5
Evocations     | 3 4 |  4.5
Stealth        | 3 4 |  4.4
Fighting       | 9 |  9.3

Action                   |  1- 3 |  4- 6 |  7- 9 || total
-------------------------+-------+-------+-------++-------
Melee: Falchion          |    48 |   177 |   171 ||   396
       Bite              |     7 |    28 |    65 ||   100
       Punch             |       |     1 |    10 ||    11
       Short sword       |       |       |   238 ||   238
Invok: Heroism           |       |       |     1 ||     1
  Use: Scroll            |     1 |     2 |       ||     3
       Potion            |       |     3 |     3 ||     6
 Stab: Sleeping          |     3 |     4 |     1 ||     8
  Eat: Chunk             |       |     9 |    12 ||    21
       Ration            |       |       |     3 ||     3
Armor: Robe              |     5 |       |       ||     5
       Ring mail         |    10 |    65 |   127 ||   202
Dodge: Dodged            |    34 |   101 |   226 ||   361
       Rpst.: Falchion   |    10 |    31 |    45 ||    86

Table legend:
 A = Spawn XP
 B = Non-spawn XP
 C = Spawn XP percentage of total XP
 D = Spawn monster count
 E = Non-spawn monster count
 F = Spawn count percentage of total count
 G = Total turns spent on level
                    A         B        C        D         E        F      G
               +---------+---------+-------+---------+---------+-------+---------
         Total |       0 |    2311 |   0.0 |       0 |     119 |   0.0 |  7607
               +---------+---------+-------+---------+---------+-------+---------
           D:1 |       0 |      28 |   0.0 |       0 |      14 |   0.0 |   751
           D:2 |       0 |     164 |   0.0 |       0 |      39 |   0.0 |  1459
           D:3 |       0 |      31 |   0.0 |       0 |      11 |   0.0 |   781
           D:4 |       0 |     453 |   0.0 |       0 |      15 |   0.0 |  1098
           D:5 |       0 |     539 |   0.0 |       0 |      10 |   0.0 |  1378
           D:6 |       0 |     174 |   0.0 |       0 |       6 |   0.0 |   325
           D:7 |       0 |     734 |   0.0 |       0 |      19 |   0.0 |  1534
           D:8 |       0 |     188 |   0.0 |       0 |       5 |   0.0 |   183
               +---------+---------+-------+---------+---------+-------+---------
